 Dungeon Crawl Stone Soup version 0.23.0 (webtiles) character file.

Game seed: 10403459870529418673

679 mitkoXXVII the Digger (level 7, -7/55 HPs)
             Began as a Formicid Earth Elementalist on Feb 11, 2019.
             Mangled by an orc wizard
             ... wielding a +0 dagger of electrocution
              (16 damage)
             ... on level 4 of the Dungeon.
             The game lasted 00:12:07 (6283 turns).

mitkoXXVII the Digger (Formicid Earth Elementalist) Turns: 6283, Time: 00:12:08

Health: -7/55      AC:  2    Str: 13    XL:     7   Next: 92%
Magic:  11/14      EV: 12    Int: 20    God:
Gold:   135        SH:  0    Dex: 11    Spells: 10/16 levels left

rFire    . . .     SeeInvis +   i - +1 dagger
rCold    . . .     Gourm    .   (no shield)
rNeg     . . .     Faith    .   c - +0 robe
rPois    .         Spirit   .   (helmet unavailable)
rElec    .         Reflect  .   (no cloak)
rCorr    .         Harm     .   (no gloves)
MR       .....                  (no boots)
Stlth    ++........             (no amulet)
HPRegen  0.18/turn              p - +4 ring of intelligence
MPRegen  0.14/turn              (no ring)

@: no status effects
A: permanent stasis, dig shafts and tunnels, four strong arms, antennae 3
a: Dig, Shaft Self


You were on level 4 of the Dungeon.
You were hungry.

You visited 1 branch of the dungeon, and saw 4 of its levels.

You collected 135 gold pieces.

Inventory:

Hand Weapons
 i - a +1 dagger (weapon)
Missiles
 b - 81 stones (quivered)
 j - 12 poisoned needles
 o - 10 bolts
Armour
 c - a +0 robe (worn)
Jewellery
 p - a +4 ring of intelligence (left hand)
Scrolls
 a - a scroll of identify
 e - a scroll of enchant weapon
 h - a scroll of magic mapping {unknown}
 m - 2 scrolls of teleportation {unknown}
Potions
 f - 2 potions of might
 g - a potion of curing
 k - a potion of cancellation {unknown}
 l - a potion of lignification {unknown}
 n - a potion of degeneration {unknown}
Comestibles
 d - 7 rations


   Skills:
 + Level 4.9 Fighting
 - Level 1.7 Dodging
 - Level 2.4 Stealth
 + Level 5.0 Spellcasting
 - Level 1.1 Transmutations
 + Level 6.6 Earth Magic


You had 10 spell levels left.
You knew the following spells:

 Your Spells              Type           Power        Failure   Level  Hunger
a - Sandblast             Erth           ####..       1%          1    None
b - Passwall              Tmut/Erth      ###.....     3%          2    None
c - Stone Arrow           Conj/Erth      ###...       9%          3    ##.....

Your spell library contained the following spells:

 Spells                   Type           Power        Failure   Level  Hunger
 Lee's Rapid Deconstruct  Erth           ####......   21%         5    #####..
 Petrify                  Tmut/Erth      ###.....     24%         4    ####...


Dungeon Overview and Level Annotations

Branches:
Dungeon (4/15)
 Temple: D:4-7

Altars:
Cheibriados
Wu Jian


Innate Abilities, Weirdness & Mutations

You cannot be hasted, slowed, berserked, paralysed or teleported.
You can dig through walls and to a lower floor.
Your four strong arms can wield two-handed weapons with a shield.
You have a pair of large antennae on your head. (SInv)


Message History

Aiming: Sandblast (safe; 1% risk of failure)
Press: ? - help, Shift-Dir - straight line, f/p - orc wizard
Aim: an orc wizard, wielding a +0 dagger of electrocution and wearing a +0 robe (severely wounded, fast)
The blast of sand hits the orc wizard.
The orc wizard is almost dead.
b - 81 stones The orc wizard closely misses you.
The orc wizard hits you with a +0 dagger of electrocution.
You barely miss the orc wizard.
The orc wizard is almost dead.
The orc wizard hits you but does no damage.
You barely miss the orc wizard.
The orc wizard is almost dead.
The orc wizard points at you and mumbles some strange words.
The magic dart hits you!
* * * LOW HITPOINT WARNING * * *
The orc wizard hits you with a +0 dagger of electrocution.
* * * LOW HITPOINT WARNING * * *
You are electrocuted!
You die...

.##.... ..#... ## ###
.......##.... ..##..
.........# #.#.. # ##
#.......# #... ..
#..#.$.....## #..# ...
.(..........# ...#....
.#........#####.......
#...............#
#..........##o@.#
........##..##.##
........##.....#
o........#.....#
...##............ ...
#............ ..
.............
.......... ..##.......


You could see an orc wizard.

Vanquished Creatures
  Grinder (D:3)
  An ogre (D:3)
  3 howler monkeys
  A hound (D:3)
  An orc priest (D:3)
  A bullfrog skeleton (D:4)
  An orc wizard (D:3)
  2 worker ants (D:3)
  8 adders
  An ooze (D:3)
  2 worms
  4 leopard geckos
  6 orcs (D:3)
  5 bats
  A giant cockroach (D:3)
  5 goblins
  6 hobgoblins
  3 jackals (D:3)
  A ball python (D:2)
  3 frilled lizards (D:1)
  7 kobolds
  5 rats
68 creatures vanquished.

Notes
Turn   | Place    | Note
-------+----------+-------------------------------------------
     0 | D:1      | mitkoXXVII the Formicid Earth Elementalist began the quest
                  | for the Orb.
     0 | D:1      | Reached XP level 1. HP: 13/13 MP: 3/3
   385 | D:1      | Reached XP level 2. HP: 16/20 MP: 0/5
   477 | D:1      | Learned a level 2 spell: Passwall
   544 | D:1      | Reached skill level 1 in Fighting
   885 | D:1      | Reached skill level 4 in Earth Magic
  1722 | D:2      | Found a snail-covered altar of Cheibriados.
  1739 | D:2      | Reached XP level 3. HP: 7/26 MP: 4/7
  1744 | D:2      | Learned a level 3 spell: Stone Arrow
  2475 | D:2      | Reached XP level 4. HP: 33/33 MP: 4/8
  2485 | D:2      | Found an ornate altar of the Wu Jian Council.
  3446 | D:3      | Noticed Grinder
  3459 | D:3      | Killed Grinder
  3459 | D:3      | Reached skill level 5 in Earth Magic
  3459 | D:3      | Reached XP level 5. HP: 12/41 MP: 0/11
  3459 | D:3      | Reached XP level 6. HP: 14/47 MP: 0/12
  4564 | D:4      | Noticed a phantom
  4564 | D:4      | Noticed an ogre
  4636 | D:3      | Reached XP level 7. HP: 27/54 MP: 10/13
  4637 | D:3      | Reached skill level 6 in Earth Magic
  6099 | D:4      | Reached skill level 5 in Spellcasting
  6283 | D:4      | Mangled by an orc wizard

Skill      XL: |  1  2  3  4  5  6  7 |
---------------+----------------------+-----
Fighting       | 1 3 4 |  4.9
Earth Magic    | 4 5 6 |  6.6
Spellcasting   | 4 5 |  5.0
Dodging        | |  1.7
Stealth        | |  2.4
Transmutations | |  1.1

Action                   |  1- 3 |  4- 6 |  7- 9 || total
-------------------------+-------+-------+-------++-------
Melee: Unarmed           |    77 |       |       ||    77
       Dagger            |    55 |    79 |    68 ||   202
Throw: Stone             |     4 |       |       ||     4
 Cast: Sandblast         |    11 |    14 |    18 ||    43
       Stone Arrow       |     6 |    11 |     1 ||    18
       Passwall          |       |       |     1 ||     1
  Use: Scroll            |       |     3 |       ||     3
       Potion            |       |     1 |       ||     1
 Stab: Sleeping          |     4 |     5 |       ||     9
  Eat: Chunk             |     5 |     8 |     2 ||    15
       Ration            |       |       |     1 ||     1
Armor: Robe              |    28 |     3 |    20 ||    51
Dodge: Dodged            |   103 |    64 |    92 ||   259
